 Dungeon Crawl Stone Soup version 0.29.1-15-g9cfb28693d (webtiles) character file.

Game seed: 10435803508978951646

593 tizbic2 the Shield-Bearer (level 7, -1/48 HPs)
             Began as an Octopode Fighter on May 1, 2023.
             Was an Initiate of the Shining One.
             Slain by an orc
             ... wielding a +0 hand axe
              (5 damage)
             ... on level 5 of the Dungeon.
             The game lasted 00:12:15 (3135 turns).

tizbic2 the Shield-Bearer (Octopode Fighter)        Turns: 3135, Time: 00:12:16

Health: -1/48      AC:  8    Str: 17    XL:     7   Next: 39%
Magic:  7/7        EV: 13    Int: 11    God:    the Shining One [......]
Gold:   77         SH:  6    Dex: 11    Spells: 6/6 levels left

rFire   . . .      SeeInvis .   w - +2 morningstar (protect)
rCold   . . .      Faith    .   r - +1 buckler
rNeg    . . .      Spirit   .   (helmet restricted)
rPois   .          Reflect  .   f - amulet of regeneration
rElec   .          Harm     .   (no ring)
rCorr   .          Rampage  .   (no ring)
Will    .....      Rage     3%  (no ring)
Stlth   +.........              (no ring)
HPRegen 0.96/turn               (no ring)
MPRegen 0.10/turn               (no ring)
                                (no ring)
                                (no ring)

@: under a protective aura, glowing
A: almost no armour, amphibious, 8 rings, camouflage 1, gelatinous body 1,
(nimble swimmer 1), tentacles, berserk 1, sense surroundings 1
a: Renounce Religion


You were on level 5 of the Dungeon.
You worshipped the Shining One.
The Shining One was noncommittal.
You visited 2 branches of the dungeon, and saw 6 of its levels.

You collected 259 gold pieces.
You spent 182 gold pieces at shops.

Inventory:

Hand Weapons
 a - a +0 vampiric morningstar
 j - a +0 mace
 m - a +0 war axe
 w - a +2 morningstar of protection (weapon)
Missiles
 d - 64 stones (quivered)
Armour
 r - a +1 buckler (worn)
Magical Staves
 c - a staff of earth
Jewellery
 f - an amulet of regeneration (around mantle)
Wands
 l - a wand of flame (10)
 n - a wand of roots (4)
Scrolls
 i - 3 scrolls of teleportation
 k - a scroll of torment {unknown}
 p - a scroll of immolation {unknown}
 q - a scroll of vulnerability {unknown}
 s - a scroll of blinking
Potions
 b - a potion of might
 e - 2 potions of curing
 g - a potion of ambrosia
 h - a potion of haste {unknown}
 o - a potion of flight {unknown}


   Skills:
 + Level 4.2 Fighting
 * Level 2.5 Maces & Flails
 + Level 4.3 Dodging
 * Level 4.9 Shields
 + Level 4.2 Unarmed Combat
 * Level 1.2 Invocations


You had 6 spell levels left.
You didn't know any spells.
Your spell library contained the following spells:

 Spells                   Type           Power      Damage    Failure   Level
 Sting                    Tmut/Pois      0%         1d3       41%         1
 Ensorcelled Hibernation  Hex/Ice        0%         N/A       56%         2
 Poisonous Vapours        Pois/Air       0%         N/A       56%         2
 Frozen Ramparts          Ice            0%         1d1       80%         3
 Corpse Rot               Necr/Pois/Air  0%         N/A       99%         4
 Dispel Undead            Necr           0%         3d6       99%         4
 Ice Form                 Ice/Tmut       0%         N/A       99%         4
 Olgreb's Toxic Radiance  Pois           0%         N/A       99%         4
 Summon Ice Beast         Ice/Summ       0%         N/A       99%         4
 Summon Forest            Summ/Tloc      0%         N/A       100%        5
 Summon Mana Viper        Hex/Summ       0%         N/A       100%        5
 Death Channel            Necr           0%         N/A       100%        6
 Summon Cactus Giant      Summ           0%         N/A       100%        6
 Ozocubu's Refrigeration  Ice            0%         4d7       100%        7


Dungeon Overview and Level Annotations

Branches:
Dungeon (5/15)             Temple (1/1) D:4

Altars:
Ashenzari
Cheibriados
Elyvilon
Fedhas
Gozag
Hepliaklqana
Kikubaaqudgha
Makhleb
Okawaru
Qazlal
Ru
Sif Muna
Trog
Uskayaw
Vehumet
Wu Jian
Xom
Yredelemnul
Zin
The Shining One

Shops:
D:2 (

Annotations:
D:4 Dowan, Duvessa


Innate Abilities, Weirdness & Mutations

You cannot wear most types of armour.
You are amphibious.
You can wear up to eight rings at the same time.
Your skin changes colour to match your surroundings (Stealth+).
Your rubbery body absorbs attacks. (AC +1, EV +1)
((You are camouflaged when in or above water. (Stealth+)))
You have tentacles for arms and can constrict up to eight enemies at once.
You sometimes lose your temper in combat.
You passively map a small area around you.


Message History

You sock the orc!
You kill the orc!
You feel sick. The orc hits you but does no damage.
You puncture the orc!
You kill the orc!
You feel sick.
You barely miss the orc. You grab the orc. You squeeze the orc.
You kill the orc!
You feel sick.
You feel sick.
You are no longer poisoned.
Items here: )))) [ †.
An ogre comes into view. It is wielding a +0 giant club.
The ogre shouts!
An orc comes into view. It is wielding a +0 mace.
The orc shouts!
An orc comes into view. It is wielding a +0 hand axe.
Items here: )))) [ †.
You puncture the orc!
Your weapon exudes an aura of protection.
You kill the orc!
You hit the ogre.
The ogre is lightly wounded.
The ogre hits you with a +0 giant club!!
You puncture the ogre!
The ogre is moderately wounded.
You block the ogre's attack.
You barely miss the ogre.
The ogre is moderately wounded.
The ogre hits you with a +0 giant club!
You barely miss the ogre.
The ogre is moderately wounded.
The ogre hits you with a +0 giant club!!
* * * LOW HITPOINT WARNING * * *
You bludgeon the ogre!!
You kill the ogre!
Your Invocations skill increases to level 1!
You closely miss the orc. Your grab misses the orc.
The orc hits you with a +0 hand axe.
You die...

######.########.# #.#
,................>#..#.#
**........##....#..#..#.#
...#######.##.#..#..#.#
.., #.##...##..#.#
###....##....#.# ,
#....... .#..#.# , . ,
#.#.########.#.#
,...#####....o@........#
......)..##########.###
#.##....# #......#.# *
*#....# #.###.##.# * ,
#....# #.# #....## #.####
#.# #.....# * .o,, #.#
#.....# ..., ** #.#
#.....# *8.#
###'###.....#


You could see an orc.

Vanquished Creatures
  A black bear (D:4)
  An ogre (D:5)
  Blork the orc (D:4)
  A necrophage (D:4)
  A hound (D:4)
  Terence (D:2)
  An orc wizard (D:5)
  4 gnolls (D:4)
  5 adders
  2 worms
  4 dart slugs
  13 orcs
  6 ball pythons
  11 bats
  8 endoplasms
  A giant cockroach (D:1)
  6 hobgoblins
  8 jackals
  7 quokkas
  2 frilled lizards (D:1)
  10 goblins
  7 kobolds
  5 rats
106 creatures vanquished.

Notes
Turn   | Place    | Note
-------+----------+-------------------------------------------
     0 | D:1      | tizbic2 the Octopode Fighter began the quest for the Orb.
     0 | D:1      | Reached XP level 1. HP: 16/16 MP: 1/1
   149 | D:1      | Reached XP level 2. HP: 12/21 MP: 2/2
   611 | D:1      | Reached XP level 3. HP: 24/26 MP: 3/3
   808 | D:2      | Noticed Terence
   811 | D:2      | Killed Terence
   871 | D:2      | Reached XP level 4. HP: 29/31 MP: 4/4
   959 | D:2      | Found Otetwarch's Antique Weapon Emporium.
   965 | D:2      | Found a faded altar of an unknown god.
  1559 | D:3      | Gained mutation: You sometimes lose your temper in combat.
                  | [potion of mutation]
  1559 | D:3      | Gained mutation: You passively map a small area around you.
                  | [potion of mutation]
  1586 | D:3      | Got the Precepts of the Wintry Legion
  1797 | D:3      | Reached skill level 1 in Maces & Flails
  1797 | D:3      | Reached XP level 5. HP: 36/36 MP: 5/5
  2102 | D:4      | Noticed Blork the orc
  2108 | D:4      | Killed Blork the orc
  2135 | D:4      | Found an ornate altar of the Wu Jian Council.
  2140 | D:4      | Found an iron altar of Okawaru.
  2219 | D:2      | Bought a glowing morningstar for 182 gold pieces
  2345 | D:4      | Reached XP level 6. HP: 43/43 MP: 6/6
  2355 | D:4      | Noticed a black bear
  2361 | D:4      | Killed a black bear
  2445 | D:4      | Reached XP level 7. HP: 48/48 MP: 7/7
  2490 | D:4      | Identified the +8 plate armour of Polish {Str+2 Int+6}
  2544 | D:4      | Found a staircase to the Ecumenical Temple.
  2550 | Temple   | Entered the Ecumenical Temple
  2738 | Temple   | Became a worshipper of the Shining One
  2899 | D:4      | Found an ancient bone altar of Kikubaaqudgha.
  2899 | D:4      | Noticed Duvessa
  2899 | D:4      | Noticed Dowan
  2901 | D:4      | Found a broken altar of Ashenzari.
  2971 | D:5      | Entered Level 5 of the Dungeon
  3133 | D:5      | HP: 1/48 [ogre/+0 giant club (22)]
  3135 | D:5      | Reached skill level 1 in Invocations
  3135 | D:5      | Slain by an orc

Illustrated notes

Levels and vault maps discovered:
D:1:      minmay_arrival_shattered_statue, layout_basic
D:2:      layout_basic, serial_shops, shop, ebering_ecumenical_altar_abandoned,
          chequers_serial_rivers_large_b, uniq_terence
D:3:      layout_basic, minmay_cut_off
D:4:      layout_basic, nicolae_overflow_hidden_temple,
          minmay_temple_entry_statues, minmay_bent, uniq_blork_the_orc,
          uniq_duvessa
D:5:      layout_basic, pf_guarded_unrand_meek
Temple:   nicolae_temple_slightly_damp_pantheon

Skill      XL: |  1  2  3  4  5  6  7 |
---------------+----------------------+-----
Unarmed Combat | 3 4 |  4.2
Maces & Flails | 1 2 |  2.5
Shields        | 4 |  4.9
Dodging        | 4 |  4.3
Fighting       | 4 |  4.2
Invocations    | 1 |  1.2

Action                   |  1- 3 |  4- 6 |  7- 9 || total
-------------------------+-------+-------+-------++-------
Melee: Unarmed           |    19 |       |       ||    19
       Constrict         |    14 |    29 |     7 ||    50
       Tentacles         |     8 |    15 |     4 ||    27
       Whip              |    12 |       |       ||    12
       Club              |     5 |       |       ||     5
       Mace              |    17 |    77 |       ||    94
       Punch             |     1 |     3 |     1 ||     5
       Morningstar       |       |    34 |    36 ||    70
Throw: Stone             |       |     5 |       ||     5
  Use: Scroll            |       |     7 |       ||     7
       Potion            |       |     1 |       ||     1
 Stab: Sleeping          |     4 |    10 |       ||    14
Armor: Skin              |     6 |    12 |     5 ||    23
Dodge: Dodged            |    24 |    66 |    10 ||   100
Block: Buckler           |     9 |    25 |     3 ||    37
